 Dungeon Crawl Stone Soup version 0.28-a0-861-ge64d6db94f (webtiles) character file.

Game seed: 10020896299694543106

55 bande the Covered (level 3, -3/24 HPs)
             Began as a Gargoyle Fighter on Nov 15, 2021.
             Slain by Terence (8 damage)
             ... on level 2 of the Dungeon.
             The game lasted 00:01:46 (2058 turns).

bande the Covered (Gargoyle Fighter)                Turns: 2058, Time: 00:01:47

Health: -3/24      AC: 11    Str: 20    XL:     3   Next: 93%
Magic:  3/3        EV:  9    Int:  8    God:
Gold:   62         SH:  4    Dex:  9    Spells: 2/2 levels left

rFire   . . .      SeeInvis .   a - +0 war axe
rCold   . . .      Faith    .   c - +0 buckler
rNeg    + . .      Spirit   .   b - +0 scale mail
rPois   ∞          Reflect  .   (no helmet)
rElec   +          Harm     .   (no cloak)
rCorr   .          Rampage  .   h - +0 pair of gloves
Will    .....                   (no boots)
Stlth   ..........              (no amulet)
HPRegen 0.08/turn               (no ring)
MPRegen 0.08/turn               (no ring)

@: no status effects
A: sickness immunity, AC +3, negative energy resistance 1, electricity
resistance, torment resistance 1, petrification resistance
a: no special abilities


You were on level 2 of the Dungeon.
You visited 1 branch of the dungeon, and saw 2 of its levels.

You collected 62 gold pieces.

Inventory:

Hand Weapons
 a - a +0 war axe (weapon)
Armour
 b - a +0 scale mail (worn)
 c - a +0 buckler (worn)
 h - a +0 pair of gloves (worn)
Jewellery
 g - a ring of ice
Scrolls
 e - a scroll of teleportation
Potions
 d - a potion of might
 f - a potion of heal wounds {unknown}
 i - a potion of haste


   Skills:
 + Level 3.6 Fighting
 + Level 2.6 Axes
 + Level 3.9 Armour
 + Level 3.6 Shields


You had 2 spell levels left.
You didn't know any spells.
Your spell library contained the following spells:

 Spells                   Type           Power      Damage    Failure   Level
 Gell's Gravitas          Tloc           0%         N/A       98%         3
 Teleport Other           Tloc           0%         N/A       98%         3
 Dispersal                Tloc           0%         N/A       100%        6


Dungeon Overview and Level Annotations

Branches:
Dungeon (2/15)

Altars:

Annotations:
D:2 Terence


Innate Abilities, Weirdness & Mutations

You are immune to sickness and miasma.
Your stone body is resilient. (AC +3)
You are immune to poison.
You resist negative energy. (rN+)
You are resistant to electric shocks. (rElec)
You are resistant to unholy torment.
You are immune to petrification.


Message History

You hit the worm.
You kill the worm!
You start resting.
You start resting.
You start resting.
HP restored.
Terence the Incautious comes into view.
He is wielding a +0 trident.
Terence shouts!
Terence drinks a potion.
Terence seems to speed up.
Terence closely misses you. Terence barely misses you.
Terence hits you with a +0 trident.
You hit Terence.
Terence is lightly wounded.
Terence hits you but does no damage. Terence closely misses you.
You hit Terence.
Terence is moderately wounded.
Terence hits you but does no damage. Terence hits you with a +0 trident.
You hit Terence.
Terence is moderately wounded.
Terence hits you but does no damage. Terence hits you with a +0 trident!
You hit Terence but do no damage.
Terence is moderately wounded.
Terence hits you but does no damage. Terence hits you with a +0 trident.
You closely miss Terence.
Terence is moderately wounded.
Terence hits you but does no damage. Terence hits you with a +0 trident.
* * * LOW HITPOINT WARNING * * *
You hit Terence but do no damage.
Terence is moderately wounded.
Terence closely misses you. Terence barely misses you.
You closely miss Terence.
Terence is moderately wounded.
You block Terence's attack. Terence hits you but does no damage.
You hit Terence.
Terence is moderately wounded.
Terence closely misses you. Terence barely misses you.
You hit Terence but do no damage.
Terence is moderately wounded.
Terence hits you with a +0 trident!
You die...

****,***,**,#.#* *,,,*,****,,,,,,
*,* *,**,*..* *##.#.##********
*,* *,**,*#.#* #.....,,,,,,,,,
*,* *,,,,**..* #....#*********
*,* *******#.* #....# *,*
#.###....# ****,* #=.##....##
,,**,* *#.##.....#
*,*,,****#######@.#.(...###******
,,*,*,,,,......@...........,,,,,,
***,,,,,,.......#.##....###******
*,,,,,,.........)........,,,,,,
*,,,,,,.......##.#.######****** #
*,,,,,,..................,,,,,,
#**,,,,,,####.#.###..#####*******
+,,,,,,,,* #.#.# #..# #***,,,,,*
#.#.# #..#


You could see Terence (fast).

Vanquished Creatures
  An adder (D:2)
  2 worms (D:2)
  2 dart slugs (D:2)
  2 bats
  4 endoplasms
  A giant cockroach (D:1)
  6 goblins
  A hobgoblin (D:2)
  2 jackals (D:2)
  4 ball pythons
  6 frilled lizards
  2 kobolds (D:1)
  2 rats (D:2)
35 creatures vanquished.

Notes
Turn   | Place    | Note
-------+----------+-------------------------------------------
     0 | D:1      | bande the Gargoyle Fighter began the quest for the Orb.
     0 | D:1      | Reached XP level 1. HP: 14/14 MP: 1/1
   203 | D:1      | Reached XP level 2. HP: 18/19 MP: 2/2
  1367 | D:2      | Reached XP level 3. HP: 16/23 MP: 3/3
  2044 | D:2      | Noticed Terence
  2058 | D:2      | Slain by Terence

Illustrated notes

Levels and vault maps discovered:
D:1:      dpeg_arrival_rooms_b, layout_loops_cross
D:2:      layout_basic, minmay_pentomino_q2, uniq_jessica, uniq_terence

Skill      XL: |  1  2 |
---------------+-------+-----
Axes           | 2 |  2.6
Fighting       | |  3.6
Armour         | |  3.9
Shields        | |  3.6

Action                   || total
-------------------------++-------
Melee: War axe           ||   124
  Use: Scroll            ||     4
Armor: Scale mail        ||    65
Dodge: Dodged            ||    49
Block: Buckler           ||    27

Table legend: (Time is in decaauts)
 A = Elapsed time spent in this place.
 B = Non-inter-level travel time spent in this place.
 C = Inter-level travel time spent in this place.
 D = Time resting spent in this place.
 E = Time spent auto-exploring this place.
 F = Levels seen in this place.
 G = Mean time per level.
                   A        B        C        D        E       F      G
               +--------+--------+--------+--------+--------+-----+--------+
         Total |   2107 |   2107 |      0 |    904 |    912 |   2 | 1053.5 |
       Dungeon |   2107 |   2107 |      0 |    904 |    912 |   2 | 1053.5 |
               +--------+--------+--------+--------+--------+-----+--------+

Top non-repeatable levels by time:
     D:1: 1369 daAuts
     D:2: 737 daAuts
